 Dungeon Crawl Stone Soup version 0.29-a0-275-g389c0b56f3 (webtiles) character file.

Game seed: 2511791797056589851

140692 Ordine the Carver (level 17, -5/109 HPs)
             Began as a Tengu Warper on Mar 10, 2022.
             Was the Champion of Okawaru.
             Slain by a salamander
             ... wielding a +2 trident of flaming
              (10 damage)
             ... on level 4 of the Snake Pit.
             The game lasted 01:36:20 (27618 turns).

Ordine the Carver (Tengu Warper)                   Turns: 27618, Time: 01:36:21

Health: -5/109     AC: 31    Str: 12    XL:     17   Next: 31%
Magic:  27/27      EV: 12    Int: 11    God:    Okawaru [******]
Gold:   868        SH:  9    Dex: 38    Spells: 26/28 levels left

rFire   . . .      SeeInvis +   a - +7 captain's cutlass {speed, disarm}
rCold   + + +      Faith    .   j - +0 buckler "Wescha Tusoi" {Int-4 Dex+9 Stlth+}
rNeg    . . .      Spirit   .   A - +6 plate armour of Context {rElec rPois rC+ SInv}
rPois   +          Reflect  .   X - +0 hat of Leapfrog {Contam rC++ Dex+3 Stlth+}
rElec   +          Harm     .   u - +4 cloak of Weightlessness {Dex+6}
rCorr   .          Rampage  .   W - +0 pair of gloves
Will    +....                   (boots unavailable)
Stlth   ..........              K - amulet of regeneration
HPRegen 1.08/turn               y - +4 ring of protection
MPRegen 0.20/turn               i - +4 ring of slaying

@: flying quickly and evasively, quick
A: beak, talons 3, nimble flight
a: Renounce Religion, Heroism, Finesse, Duel


You were on level 4 of the Snake Pit.
You worshipped Okawaru.
Okawaru was exalted by your worship.
You visited 5 branches of the dungeon, and saw 28 of its levels.
You also visited: Sewer and Ossuary.

You collected 2575 gold pieces.
You spent 1707 gold pieces at shops.

Inventory:

Hand Weapons
 a - the +7 captain's cutlass (weapon) {speed, disarm}
   (You bought it in a shop on level 4 of the Dungeon)

   Attacks with this weapon are significantly faster.
   It may disarm weapon-wielding foes when striking them, dealing extra damage
   in the process.
 b - a +0 double sword of protection
 U - the +6 great sword "Wiast" {speed, Str+5 Int+3}
   (Okawaru gifted it to you on level 5 of the Lair of Beasts)

   Attacks with this weapon are significantly faster.
   Str:       It affects your strength (+5).
   Int:       It affects your intelligence (+3).
Missiles
 d - 9 boomerangs of dispersal
 e - 18 boomerangs (quivered)
 f - 4 atropa-tipped darts
 r - 10 curare-tipped darts
 v - 23 poisoned darts
 x - 5 javelins
 N - 3 throwing nets
 O - 14 silver javelins
 S - 3 silver boomerangs
 T - 6 datura-tipped darts
Armour
 j - the +0 buckler "Wescha Tusoi" (worn) {Int-4 Dex+9 Stlth+}
   (Okawaru gifted it to you on level 1 of the Orcish Mines)

   Int:       It affects your intelligence (-4).
   Dex:       It affects your dexterity (+9).
   Stlth:     It makes you more stealthy.
 u - the +4 cloak of Weightlessness (worn) {Dex+6}
   (You bought it in a shop on level 2 of the Orcish Mines)

   Dex:       It affects your dexterity (+6).
 A - the +6 plate armour of Context (worn) {rElec rPois rC+ SInv}
   (Okawaru gifted it to you on level 6 of the Lair of Beasts)

   rC:        It protects you from cold.
   rElec:     It insulates you from electricity.
   rPois:     It protects you from poison.
   SInv:      It lets you see invisible.
 W - a +0 pair of gloves (worn)
 X - the +0 hat of Leapfrog (worn) {Contam rC++ Dex+3 Stlth+}
   (Okawaru gifted it to you on level 14 of the Dungeon)

   Dex:       It affects your dexterity (+3).
   rC:        It greatly protects you from cold.
   Contam:    It causes magical contamination when unequipped.
   Stlth:     It makes you more stealthy.
Jewellery
 i - a +4 ring of slaying (right hand)
 y - a +4 ring of protection (left hand)
 K - an amulet of regeneration (around neck)
Wands
 C - a wand of mindburst (1)
 F - a wand of digging (11)
 G - a wand of paralysis (11)
 I - a wand of flame (42)
 J - a wand of iceblast (6)
 R - a wand of acid (5)
 Z - a wand of polymorph (7)
Scrolls
 c - 4 scrolls of blinking
 g - 16 scrolls of teleportation
 k - 4 scrolls of silence
 m - a scroll of amnesia
 o - 3 scrolls of magic mapping
 p - 9 scrolls of fear
 q - 6 scrolls of fog
 t - a scroll of identify
 E - a scroll of immolation
Potions
 h - a potion of brilliance
 l - 5 potions of heal wounds
 n - 6 potions of might
 s - 5 potions of cancellation
 z - 2 potions of resistance
 B - 3 potions of invisibility
 D - a potion of mutation
 H - 3 potions of lignification
 L - 8 potions of ambrosia
 M - 7 potions of curing
 P - 3 potions of haste
 Q - 2 potions of berserk rage
 Y - 5 potions of attraction
Miscellaneous
 w - a phial of floods


   Skills:
 * Level 13.2 Fighting
 + Level 14.1 Long Blades
 - Level 12.0 Throwing
 + Level 10.2 Armour
 + Level 10.2 Dodging
 + Level 7.1 Shields
 + Level 6.2 Spellcasting
 + Level 6.2 Translocations
 + Level 10.1 Invocations
 - Level 10.0 Evocations


You had 26 spell levels left.
You knew the following spells:

 Your Spells              Type           Power      Damage    Failure   Level
a - Blink                 Tloc           34%        N/A       91%         2

Your spell library contained the following spells:

 Spells                   Type           Power      Damage    Failure   Level
 Gell's Gravitas          Tloc           17%        N/A       99%         3
 Lesser Beckoning         Tloc           17%        N/A       99%         3
 Teleport Other           Tloc           17%        N/A       99%         3
 Pain                     Necr           12%        1d4       100%        1
 Slow                     Hex            12%        N/A       100%        1
 Scorch                   Fire           6%         2d5       100%        2
 Confusing Touch          Hex            3%         N/A       100%        3
 Frozen Ramparts          Ice            6%         1d2       100%        3
 Vampiric Draining        Necr           3%         2d6       100%        3
 Anguish                  Hex/Necr       1%         N/A       100%        4
 Cause Fear               Hex            1%         N/A       100%        4
 Flame Wave               Conj/Fire      3%         2d4       100%        4
 Ice Form                 Ice/Tmut       3%         N/A       100%        4
 Passage of Golubria      Tloc           17%        N/A       100%        4
 Agony                    Necr           3%         N/A       100%        5
 Alistair's Intoxication  Tmut/Pois      2%         N/A       100%        5
 Blade Hands              Tmut           1%         N/A       100%        5
 Borgnjor's Vile Clutch   Necr/Erth      1%         N/A       100%        5
 Excruciating Wounds      Necr           1%         N/A       100%        5
 Freezing Cloud           Conj/Ice/Air   1%         6-21      100%        5
 Irradiate                Conj/Tmut      1%         3d13      100%        5
 Manifold Assault         Tloc           17%        N/A       100%        5
 Silence                  Hex/Air        1%         N/A       100%        5
 Eringya's Noxious Bog    Tmut/Pois      1%         N/A       100%        6
 Dragon Form              Tmut           1%         N/A       100%        7
 Enfeeble                 Hex            1%         N/A       100%        7
 Lehudib's Crystal Spear  Conj/Erth      1%         10d2      100%        8
 Polar Vortex             Ice            1%         N/A       100%        9
 Tukima's Dance           Hex            Unusable   N/A       N/A         3
 Summon Ice Beast         Ice/Summ       Unusable   N/A       N/A         4
 Simulacrum               Ice/Necr       Unusable   N/A       N/A         6
 Summon Cactus Giant      Summ           Unusable   N/A       N/A         6
 Dragon's Call            Summ           Unusable   N/A       N/A         9

Dungeon Overview and Level Annotations

Branches:
Dungeon (15/15)            Temple (1/1) D:4            Lair (6/6) D:9
 Shoals (0/4) Lair:2        Snake (4/4) Lair:4        Slime (0/5) Lair:6
    Orc (2/2) D:10            Elf (0/3) Orc:2        Vaults (0/5) D:14
 Depths (0/4) D:15          Sewer (visited)         Ossuary (visited)

Altars:
Ashenzari
Cheibriados
Dithmenos
Elyvilon
Fedhas
Gozag
Hepliaklqana
Kikubaaqudgha
Makhleb
Nemelex Xobeh
Okawaru
Qazlal
Ru
Sif Muna
Trog
Uskayaw
Vehumet
Wu Jian
Xom
Yredelemnul
Zin
The Shining One
Beogh
Jiyva

Shops:
D:4 (   D:13 [   Orc:2 [:[   Snake:4 *:

Portals:
Trove: D:15 (show slimy rune of Zot)

Annotations:
Lair:1 Stash
Snake:4 6 exclusions


Innate Abilities, Weirdness & Mutations

You have a beak for a mouth.
You have claws for feet.
Your magical nature lets you fly swiftly and evasively.


Message History

You resist.
The salamander hits you from afar with a +2 trident of flaming!
You are engulfed in flames!
* * * LOW HITPOINT WARNING * * *
The salamander burns you.
* * * LOW HITPOINT WARNING * * *
Unknown command.
Unknown command.
You closely miss the naga warrior. You claw the naga warrior.
You kill the naga warrior!
Okawaru accepts your kill.
Okay, then.
You puncture the naga! You claw the naga!
You kill the naga!
Okawaru accepts your kill.
You feel sick.
The salamander hits you from afar with a +2 trident of flaming.
* * * LOW HITPOINT WARNING * * *
You are engulfed in flames!
* * * LOW HITPOINT WARNING * * *
The salamander burns you.
* * * LOW HITPOINT WARNING * * *
Unknown command.
You feel much better.
You feel sick.
You are no longer poisoned.
The salamander zaps a wand.
You resist with some effort.
Found a helmet.
The salamander hits you with a +2 trident of flaming.
* * * LOW HITPOINT WARNING * * *
You are engulfed in flames!
* * * LOW HITPOINT WARNING * * *
The salamander burns you.
* * * LOW HITPOINT WARNING * * *
You see here a naga corpse.
You hit the salamander. You claw the salamander. You peck the salamander.
The salamander is lightly wounded.
The salamander hits you with a +2 trident of flaming!
* * * LOW HITPOINT WARNING * * *
You are engulfed in flames!
You die...

********* #.......##
#........## ##*** ##*
#.........#* ..,,*
#.#*#....$....[** ##*,*
*#.#*..........,* ..#.#
*#.##.........,* .,..##
##..#.........** *##..#
##...†#@N.....#*
##...##
##.....)####..##
##....###.......)##*#.*
##....##..........##.#*
#.............)....#.#
.....................#
##....##.............##
####.####.............#
### #..........####


You could see a salamander (strong).

Vanquished Creatures
  Aizul (Arena)
  2 dire elephants (Snake:3)
  Snorg (Lair:4)
  A fire dragon (D:15)
  A great orb of eyes (D:11)
  2 ogre magi (Orc:2)
  8 naga warriors
  10 hydras
  13 two-headed ogres
  5 boulder beetles
  2 catoblepae
  Erolcha (Orc:1)
  12 anacondas
  3 centaur warriors
  A tengu warrior (D:15)
  6 death yaks (Lair:6)
  An orc high priest (Orc:2)
  A deep troll shaman (Lair:6)
  5 naga sharpshooters
  A shock serpent (Snake:4)
  A deep elf knight (Snake:3)
  10 skeletal warriors
  2 salamander mystics
  2 deep trolls (Orc:2)
  4 naga ritualists
  2 lindwurms (Lair:3)
  2 orc knights (Orc:1)
  A swamp dragon (D:11)
  Pikel (D:7)
  A deep elf archer (Snake:3)
  A wizard (D:15)
  3 necromancers
  3 deep elf zephyrmancers
  4 deep elf pyromancers
  10 ugly things
  5 mana vipers
  13 salamanders
  2 orc sorcerers
  2 manticores
  5 cyclopes
  24 black mambas
  A torpor snail (Lair:2)
  14 elephants (Lair:6)
  2 guardian serpents
  9 naga magi
  2 gargoyles
  9 cane toads
  A centaur skeleton (D:15)
  2 rime drakes
  11 komodo dragons
  A kobold demonologist (D:10)
  An efreet (D:15)
  A meliai (shapeshifter) (D:13)
  3 meliai (D:12)
  A queen bee (D:12)
  14 trolls
  Prince Ribbit (D:5)
  9 slime creatures
  A raiju (Snake:3)
  25 blink frogs
  A wind drake (shapeshifter) (D:15)
  2 shadows
  A centaur simulacrum (D:15)
  2 vampires
  49 yaks
  3 water elementals (D:12)
  2 wraiths
  5 wyverns
  8 basilisks
  3 vampire mosquitoes (D:13)
  28 nagas
  A warg (Orc:2)
  3 acid dragons
  10 water moccasins
  A black bear (shapeshifter) (D:13)
  3 sky beasts
  8 black bears
  12 orc warriors
  6 ice beasts
  22 ogres
  23 wolves
  7 centaurs
  A lemure (D:7)
  A phantom (D:5)
  14 bullfrogs
  3 gnoll sergeants
  2 kobold brigands
  14 scorpions
  3 necrophages
  A hornet simulacrum (D:15)
  5 wights (D:8)
  27 killer bees
  11 electric eels
  4 centaur zombies (Ossuary)
  8 hounds
  3 jellies
  10 orc priests
  3 iguanas
  20 orc wizards
  4 scorpion zombies (Ossuary)
  3 mummies (Ossuary)
  13 adders
  15 gnolls
  A river rat (Sewer)
  3 shadow imps
  2 white imps
  An ufetubus (D:4)
  3 worms
  64 orcs
  6 endoplasms
  4 giant cockroaches
  2 gnoll zombies (Ossuary)
  10 goblins
  12 hobgoblins
  8 jackals
  14 kobolds
  5 quokkas
  5 ball pythons
  6 bats
  4 frilled lizards
  A goblin zombie (Ossuary)
  4 hobgoblin zombies (Ossuary)
  3 kobold zombies (Ossuary)
  4 orc zombies (Ossuary)
  10 rats
  A spectral goblin (D:8)
821 creatures vanquished.

Vanquished Creatures (others)
  A slime creature (D:14)
  A naga (Snake:4)
  13 fungi
  24 plants
39 creatures vanquished.

Grand Total: 860 creatures vanquished

Notes
Turn   | Place    | Note
-------+----------+-------------------------------------------
     0 | D:1      | Ordine the Tengu Warper began the quest for the Orb.
     0 | D:1      | Reached XP level 1. HP: 12/12 MP: 4/4
   164 | D:1      | Reached XP level 2. HP: 17/17 MP: 6/6
   173 | D:1      | Learned a level 2 spell: Blink
   592 | D:2      | Reached skill level 3 in Long Blades
   627 | D:2      | Reached XP level 3. HP: 22/22 MP: 7/7
   810 | D:2      | Found a faded altar of an unknown god.
   974 | D:2      | Reached XP level 4. HP: 27/27 MP: 8/8
  1885 | D:3      | Reached skill level 4 in Long Blades
  2028 | D:3      | Gained mutation: Your magical nature lets you fly swiftly
                  | and evasively. [Tengu growth]
  2028 | D:3      | Reached XP level 5. HP: 22/32 MP: 9/9
  2719 | D:4      | Reached skill level 5 in Long Blades
  2719 | D:4      | Reached XP level 6. HP: 24/37 MP: 10/10
  2932 | D:4      | Found a staircase to the Ecumenical Temple.
  2953 | D:4      | Found Hozass's Weapon Emporium.
  2966 | D:4      | Bought 5 boomerangs for 25 gold pieces
  2966 | D:4      | Bought 2 poisoned darts for 8 gold pieces
  3308 | D:4      | Found a glowing drain.
  3312 | Sewer    | Entered a sewer
  3399 | Sewer    | Reached XP level 7. HP: 21/42 MP: 11/11
  3564 | Sewer    | Found a white marble altar of Elyvilon.
  3780 | Temple   | Entered the Ecumenical Temple
  4000 | Temple   | Became a worshipper of Warmaster Okawaru
  4051 | D:5      | Entered Level 5 of the Dungeon
  4058 | D:5      | Reached skill level 6 in Long Blades
  4742 | D:5      | Reached * piety under Okawaru
  4869 | D:5      | Reached skill level 7 in Long Blades
  5098 | D:5      | Found an ornate altar of the Wu Jian Council.
  5107 | D:5      | Noticed Prince Ribbit
  5122 | D:5      | Killed Prince Ribbit
  5123 | D:5      | Reached skill level 5 in Fighting
  5123 | D:5      | Reached XP level 8. HP: 46/49 MP: 12/12
  5266 | D:5      | Reached ** piety under Okawaru
  5267 | D:5      | Reached skill level 8 in Long Blades
  5611 | D:6      | Reached skill level 5 in Throwing
  6048 | D:6      | Reached XP level 9. HP: 46/55 MP: 13/13
  6120 | D:6      | Reached skill level 9 in Long Blades
  6131 | D:6      | Found a glowing silver altar of Zin.
  6132 | D:6      | Found a glowing golden altar of the Shining One.
  6132 | D:6      | Found a white marble altar of Elyvilon.
  6707 | D:6      | Reached *** piety under Okawaru
  7062 | D:7      | Reached skill level 10 in Long Blades
  7341 | D:7      | Found a stormy altar of Qazlal.
  7540 | D:7      | Received a gift from Okawaru
  7546 | D:7      | Noticed Pikel
  7570 | D:7      | Killed Pikel
  7571 | D:7      | Reached XP level 10. HP: 60/63 MP: 12/14
  7711 | D:8      | Reached skill level 11 in Long Blades
  7722 | D:8      | Found a broken altar of Ashenzari.
  8036 | D:8      | Found a sand-covered staircase.
  8039 | D:8      | Reached **** piety under Okawaru
  8052 | Ossuary  | Entered an ossuary
  8477 | D:8      | Found a hazy altar of Hepliaklqana.
  8511 | D:8      | Reached skill level 12 in Long Blades
  8668 | D:8      | Found a sparkling altar of Nemelex Xobeh.
  8828 | D:9      | Reached ***** piety under Okawaru
  9033 | D:9      | Reached XP level 11. HP: 63/69 MP: 15/15
  9119 | D:9      | Reached skill level 13 in Long Blades
  9205 | D:9      | Noticed a deep elf zephyrmancer
  9216 | D:9      | Killed a deep elf zephyrmancer
  9216 | D:9      | Received a gift from Okawaru
  9358 | D:9      | Found a staircase to the Lair.
  9396 | D:9      | Found a hide-covered altar of Uskayaw.
  9398 | D:9      | Found a blossoming altar of Fedhas.
  9527 | D:10     | Entered Level 10 of the Dungeon
  9571 | D:9      | Received a gift from Okawaru
  9682 | D:10     | Found a bloodstained altar of Trog.
 10069 | D:10     | Noticed a two-headed ogre
 10079 | D:10     | Killed a two-headed ogre
 10103 | D:10     | Noticed a two-headed ogre
 10112 | D:10     | Killed a two-headed ogre
 10113 | D:10     | Reached skill level 14 in Long Blades
 10228 | D:10     | Found a sacrificial altar of Ru.
 10293 | D:10     | Found a staircase to the Orcish Mines.
 10751 | D:4      | Bought the +7 captain's cutlass {speed, disarm} for 540
                  | gold pieces
 10751 | D:4      | Found the +7 captain's cutlass {speed, disarm}
 10900 | Lair:1   | Entered Level 1 of the Lair of Beasts
 10916 | Lair:1   | Reached skill level 1 in Invocations
 10919 | Lair:1   | Reached skill level 1 in Evocations
 11228 | Lair:1   | Reached XP level 12. HP: 67/77 MP: 16/16
 11811 | Lair:2   | Noticed a seven-headed hydra
 11911 | Lair:2   | Received a gift from Okawaru
 12248 | Lair:2   | Reached skill level 10 in Fighting
 12474 | Lair:2   | Found a staircase to the Shoals.
 12578 | Lair:2   | Killed a seven-headed hydra
 13004 | Lair:3   | Reached ****** piety under Okawaru
 13046 | Lair:3   | Received a gift from Okawaru
 13132 | Lair:3   | Noticed a six-headed hydra
 13372 | Lair:3   | Reached skill level 10 in Throwing
 13372 | Lair:3   | Reached XP level 13. HP: 82/82 MP: 19/19
 13415 | Lair:3   | Reached skill level 5 in Invocations
 13435 | Lair:3   | Reached skill level 5 in Dodging
 14209 | Lair:4   | Found a staircase to the Snake Pit.
 14235 | Lair:4   | Noticed Snorg
 14246 | Lair:4   | Killed Snorg
 14293 | Lair:4   | Received a gift from Okawaru
 14387 | Lair:4   | Reached skill level 5 in Armour
 15334 | Lair:5   | Identified the +6 great sword "Wiast" {speed, Str+5 Int+3}
                  | (Okawaru gifted it to you on level 5 of the Lair of Beasts)
 15334 | Lair:5   | Received a gift from Okawaru
 15899 | Lair:5   | Identified the +6 spear "Fyewuppu" {pain, Dex+4 Stlth+}
 16038 | Lair:6   | Entered Level 6 of the Lair of Beasts
 16156 | Lair:6   | Found a viscous altar of Jiyva.
 16156 | Lair:6   | Found a staircase to the Slime Pits.
 16525 | Lair:6   | Reached skill level 5 in Spellcasting
 16607 | Lair:6   | Identified the +6 plate armour of Context {rElec rPois rC+
                  | SInv} (Okawaru gifted it to you on level 6 of the Lair of
                  | Beasts)
 16607 | Lair:6   | Received a gift from Okawaru
 16608 | Lair:6   | Reached skill level 5 in Translocations
 16608 | Lair:6   | Reached skill level 5 in Evocations
 16682 | Lair:6   | Reached XP level 14. HP: 68/88 MP: 22/22
 17909 | Orc:1    | Entered Level 1 of the Orcish Mines
 17927 | Orc:1    | Received a gift from Okawaru
 18005 | Orc:1    | Found a bloodstained altar of Trog.
 18183 | Orc:1    | Identified the +0 buckler "Wescha Tusoi" {Int-4 Dex+9
                  | Stlth+} (Okawaru gifted it to you on level 1 of the Orcish
                  | Mines)
 18183 | Orc:1    | Received a gift from Okawaru
 18283 | Orc:1    | Noticed Erolcha
 18350 | Orc:1    | Killed Erolcha
 18579 | Orc:2    | Entered Level 2 of the Orcish Mines
 18646 | Orc:2    | Found a staircase to the Elven Halls.
 18952 | Orc:2    | Reached skill level 1 in Shields
 19022 | Orc:2    | Reached XP level 15. HP: 60/95 MP: 23/25
 19091 | Orc:2    | Found Torarph's Book Boutique.
 19112 | Orc:2    | Found Masoyhan's Armour Shop.
 19210 | Orc:2    | Found Ylorph's Antique Armour Emporium.
 19223 | Orc:2    | Found Ucaf's Book Boutique.
 19465 | Orc:2    | Bought a glowing kite shield for 157 gold pieces
 19472 | Orc:2    | Bought the +4 cloak of Weightlessness {Dex+6} for 485 gold
                  | pieces
 19571 | D:11     | Paralysed by a great orb of eyes for 6 turns
 19643 | D:11     | Received a gift from Okawaru
 20321 | D:12     | Identified the -7 pair of gloves "Yckis Zut" {Dex+2}
                  | (Okawaru gifted it to you on level 12 of the Dungeon)
 20321 | D:12     | Received a gift from Okawaru
 20990 | D:12     | Identified the +0 chain mail of the Harvest Moon {-Tele
                  | Str+6}
 21626 | D:13     | Found Sugopul's Antique Armour Shop.
 21637 | D:13     | Bought a heavily runed cloak for 180 gold pieces
 21637 | D:13     | Identified the +0 cloak of Ytun {rN+} (You bought it in a
                  | shop on level 13 of the Dungeon)
 22586 | D:14     | Received a gift from Okawaru
 22678 | D:14     | Received a gift from Okawaru
 22707 | D:14     | Received a gift from Okawaru
 22724 | D:14     | Reached XP level 16. HP: 68/101 MP: 26/26
 22873 | D:14     | Found a gate to the Vaults.
 22879 | D:14     | Identified the +0 hat of Leapfrog {Contam rC++ Dex+3
                  | Stlth+} (Okawaru gifted it to you on level 14 of the
                  | Dungeon)
 22879 | D:14     | Received a gift from Okawaru
 23058 | D:14     | Reached skill level 10 in Invocations
 23242 | D:15     | Entered Level 15 of the Dungeon
 23269 | D:15     | Found a portal to a secret trove of treasure.
 23596 | D:15     | Found a radiant altar of Vehumet.
 23793 | D:15     | Paralysed by an orc sorcerer for 2 turns
 23867 | D:15     | Found a staircase to the Depths.
 23871 | D:15     | Reached skill level 5 in Shields
 24237 | Snake:1  | Entered Level 1 of the Snake Pit
 25143 | Snake:2  | Received a gift from Okawaru
 26317 | Snake:3  | Noticed Aizul
 26319 | Arena    | Entered the Arena
 26336 | Arena    | Killed Aizul
 26337 | Arena    | Reached skill level 10 in Dodging
 26337 | Arena    | Reached skill level 10 in Evocations
 26337 | Arena    | Reached XP level 17. HP: 89/108 MP: 21/27
 26562 | Snake:3  | Found a sacrificial altar of Ru.
 26608 | Snake:3  | Reached skill level 10 in Armour
 26774 | Snake:4  | Entered Level 4 of the Snake Pit
 26913 | Snake:4  | Found Peaditz's General Store.
 26915 | Snake:4  | Found Reroof Feaff's Book Shoppe.
 26917 | Snake:4  | Bought a scroll of immolation for 56 gold pieces
 26917 | Snake:4  | Bought a potion of invisibility for 128 gold pieces
 26917 | Snake:4  | Bought a wand of polymorph (6) for 128 gold pieces
 27050 | Snake:4  | Received a gift from Okawaru
 27618 | Snake:4  | HP: 5/109 [salamander/+2 trident of flaming (13)]
 27618 | Snake:4  | Slain by a salamander

Illustrated notes

Levels and vault maps discovered:
D:1:      tarquinn_simple_flora_water_d, layout_rooms
D:2:      layout_loops_ring, dreamdust_ecumenical_altar_statues,
          hangedman_abyss_or_decor_stabs, grunt_ministairs_7
D:3:      layout_loops_corners
D:4:      layout_cave_pools, minmay_temple_entry_statues_pillars, serial_shops,
          nicolae_shop_bloodbath_and_beyond, gup_sewer_entry_bowl, st_stairs_2,
          dreamdust_princess_bridge, chequers_serial_rivers_micro_c
D:5:      layout_cave_pools, nzn_wu_jian_contemplation, kennysheep_nub,
          grunt_decor_cap, uniq_prince_ribbit1
D:6:      layout_loops_ring, dreamdust_divine_triumvirate, amethyst_killhole,
          kennysheep_opposing_triangles
D:7:      layout_rooms, nicolae_qazlal_style_of_elements, grunt_ministairs_4,
          uniq_pikel
D:8:      layout_basic, nicolae_hepliaklqana_monster_ancestors,
          nicolae_ashenzari_skybound, nicolae_ossuary_entry_ruins,
          minmay_ruined_shrine
D:9:      layout_basic, jmf_multi_god_temple, david_lair_generic,
          guppyfry_early_elven_hall
D:10:     layout_layer_cave, nicolae_ru_path_of_blood, old_standard_altar,
          david_orc_3
D:11:     layout_irregular_city
D:12:     layout_basic, special_room [special_room_bee],
          serial_co_window_serial, co_window_paths_b, co_window_corner_a,
          co_window_paths_a, co_window_paths_a, co_window_paths_b,
          co_window_paths_b, co_window_paths_b, co_window_unsneaky_path_c,
          co_window_unsneaky_path_e, co_window_corner_b, co_window_paths_c,
          co_window_broadway_a, co_window_broadway_b, co_window_corner_b,
          glass_columns_c, glass_columns_a, chequers_serial_rivers_micro_e
D:13:     layout_basic, nicolae_stop_n_shop_1
D:14:     layout_rooms, david_vaults_1
D:15:     grunt_enter_depths_magical_seal, layout_rooms, enter_trove_1,
          vehumet_crystals
Temple:   minmay_temple_curvy_loop
Lair:1:   layout_long_grid, serial_bayou, serial_bayou_shore_a,
          serial_bayou_pond_e, serial_bayou_crossing, serial_bayou_lake_a,
          serial_bayou_pond_a, grunt_megastairs_2
Lair:2:   layout_regular_city, shoals_dummy_entry, minivault_19
Lair:3:   layout_layer_cave, minmay_shattered_shrine, lemuel_fruit_fields
Lair:4:   layout_small_grid, dummy_snake_entry, minmay_hedge_maze,
          infiniplex_staircase_pool_2, uniq_snorg
Lair:5:   layout_concentric_octagons, disabler_island
Lair:6:   grunt_lair_end_beastmaster, layout_cave_pods, slime_altar_1,
          kennysheep_basilisk_garden
Snake:1:  layout_grid_shapes
Snake:2:  layout_misc_corridors
Snake:3:  layout_onion_interference, basic_altar,
          nicolae_snake_yet_another_twisty_hallway, beargit_elvish_explorers,
          uniq_aizul
Snake:4:  snake_pit, layout_chambers, minmay_shoptagon
Orc:1:    layout_diamond_mine, basic_altar, trog_butcher_becter, uniq_erolcha
Orc:2:    st_orc_open, layout_diamond_mine, basic_altar

Skill      XL: |  1  2  3  4  5  6  7  8  9 10 11 12 13 14 15 16 17 |
---------------+----------------------------------------------------+-----
Long Blades    | 3 4 5 7 8 10 12 14 | 14.1
Throwing       | 2 3 4 5 6 8 9 10 11 12 | 12.0
Fighting       | 3 5 7 8 9 10 11 12 13 | 13.2
Invocations    | 2 4 6 8 9 10 | 10.1
Evocations     | 1 3 5 6 7 10 | 10.0
Armour         | 2 4 5 7 8 9 10 | 10.2
Dodging        | 3 4 6 7 8 10 | 10.2
Translocations | 4 5 6 |  6.2
Spellcasting   | 3 5 6 |  6.2
Shields        | 1 4 6 7 |  7.1

Action                   |  1- 3 |  4- 6 |  7- 9 | 10-12 | 13-15 | 16-18 || total
-------------------------+-------+-------+-------+-------+-------+-------++-------
Melee: Falchion          |    40 |       |       |       |       |       ||    40
       Kick              |    13 |    26 |    59 |   215 |   497 |   259 ||  1069
       Peck              |     5 |    15 |    39 |   124 |   328 |   142 ||   653
       Long sword        |    19 |   126 |   216 |   290 |       |       ||   651
       Punch             |       |     1 |     3 |    10 |    12 |       ||    26
       Cutlass           |       |       |       |   261 |  1072 |   512 ||  1845
Throw: Boomerang         |       |     3 |    14 |     7 |    65 |    24 ||   113
       Dart              |       |       |    17 |    21 |       |       ||    38
 Cast: Blink             |       |       |       |     1 |       |       ||     1
Invok: Heroism           |       |       |     1 |     3 |     6 |     2 ||    12
       Duel              |       |       |       |       |       |     1 ||     1
Evoke: Wand              |       |       |       |     5 |    34 |       ||    39
  Use: Scroll            |       |       |       |    19 |     4 |     7 ||    30
       Potion            |       |       |       |       |       |     8 ||     8
 Stab: Distracted        |     1 |       |       |       |       |       ||     1
       Sleeping          |       |     1 |       |     3 |     2 |       ||     6
       Paralysed         |       |       |       |       |     5 |       ||     5
       Petrified         |       |       |       |       |     2 |       ||     2
       Petrifying        |       |       |       |       |     1 |       ||     1
Armor: Leather armour    |    14 |     4 |       |       |       |       ||    18
       Chain mail        |       |    48 |   124 |   138 |       |       ||   310
       Acid dragon scale |       |       |       |    42 |    43 |       ||    85
       Plate armour      |       |       |       |       |   349 |   217 ||   566
Dodge: Dodged            |    41 |    60 |    79 |   162 |   273 |   138 ||   753
Block: Buckler           |       |       |       |       |   128 |   161 ||   289

Table legend: (Time is in decaauts)
 A = Elapsed time spent in this place.
 B = Non-inter-level travel time spent in this place.
 C = Inter-level travel time spent in this place.
 D = Time resting spent in this place.
 E = Time spent auto-exploring this place.
 F = Levels seen in this place.
 G = Mean time per level.
                   A        B        C        D        E       F      G
               +--------+--------+--------+--------+--------+-----+--------+
         Total |  24961 |  22908 |   2053 |   1277 |  16766 |  31 |  805.2 |
       Dungeon |  13692 |  12566 |   1126 |    763 |   9393 |  15 |  912.8 |
        Temple |    225 |    168 |     57 |      0 |    162 |   1 |  225.0 |
          Lair |   6176 |   5528 |    648 |    349 |   3890 |   6 | 1029.3 |
     Snake Pit |   2951 |   2817 |    134 |     94 |   2141 |   4 |  737.8 |
  Orcish Mines |   1356 |   1270 |     86 |     70 |    827 |   2 |  678.0 |
         Sewer |    277 |    277 |      0 |      0 |    205 |   1 |  277.0 |
       Ossuary |    249 |    249 |      0 |      0 |    123 |   1 |  249.0 |
         Arena |     31 |     31 |      0 |      0 |     21 |   1 |   31.0 |
               +--------+--------+--------+--------+--------+-----+--------+

Top non-repeatable levels by time:
     D:6: 1484 daAuts
  Lair:6: 1364 daAuts
     D:4: 1304 daAuts
  Lair:3: 1241 daAuts
     D:3: 1225 daAuts
    D:12: 1174 daAuts
     D:5: 1087 daAuts
    D:10: 1074 daAuts
  Lair:5: 980 daAuts
  Lair:1: 949 daAuts
     D:8: 926 daAuts
  Lair:2: 924 daAuts
   Orc:2: 808 daAuts
     D:2: 792 daAuts
 Snake:3: 781 daAuts
